[ PARTIDA AOE2 · #493959179 ]
UnrankedBohemios vs Gurjaras
[ ANÁLISIS DE REPETICIÓN · EXTRAÍDO DE LA PARTIDA GRABADA ]
Feudal
10:56
Castillos
14:56
Imperial
30:33
| APM promedio | 114.4 |
| APM pico | 229 |
| eAPM promedio | 78.5 |
| Aldeanos / militares | 175 / 342 |
Foco
⚔️ 76.7% · 🌾 23.3%
Spearman ×171 · Skirmisher ×100 · Bombard Cannon ×62 · Archer ×5 · Mangonel ×2 · Militia ×1
Feudal
10:33
Castillos
15:18
Imperial
28:06
| APM promedio | 29.4 |
| APM pico | 79 |
| eAPM promedio | 12.0 |
| Aldeanos / militares | 74 / 105 |
Foco
⚔️ 29.4% · 🌾 70.6%
Chakram Thrower ×87 · Scorpion ×9 · Armored Elephant ×4 · Trebuchet (Packed) ×3 · Mangonel ×2
Feudal
9:24
Castillos
19:09
Imperial
33:50
| APM promedio | 35.3 |
| APM pico | 109 |
| eAPM promedio | 11.6 |
| Aldeanos / militares | 71 / 104 |
Foco
⚔️ 30.7% · 🌾 69.3%
Mangudai ×74 · Spearman ×24 · Battering Ram ×6
Feudal
10:57
Castillos
15:17
Imperial
31:56
| APM promedio | 38.7 |
| APM pico | 91 |
| eAPM promedio | 30.8 |
| Aldeanos / militares | 169 / 594 |
Foco
⚔️ 50.8% · 🌾 49.2%
Skirmisher ×291 · Archer ×97 · Spearman ×96 · Scout Cavalry ×40 · Battering Ram ×30 · Cataphract ×22
Feudal
10:20
Castillos
14:00
Imperial
30:40
| APM promedio | 24.5 |
| APM pico | 140 |
| eAPM promedio | 18.3 |
| Aldeanos / militares | 131 / 560 |
Foco
⚔️ 35.8% · 🌾 64.2%
Archer ×548 · Trade Cart ×6 · Shotel Warrior ×5 · Trebuchet (Packed) ×3 · Monk ×2 · Skirmisher ×2
Feudal
11:53
Castillos
16:49
Imperial
30:42
| APM promedio | 36.9 |
| APM pico | 145 |
| eAPM promedio | 15.8 |
| Aldeanos / militares | 153 / 184 |
Foco
⚔️ 35.9% · 🌾 64.1%
Knight ×92 · Scout Cavalry ×58 · Bombard Cannon ×31 · Monk ×3
Feudal
10:57
Castillos
14:31
Imperial
28:57
| APM promedio | 33.8 |
| APM pico | 81 |
| eAPM promedio | 19.8 |
| Aldeanos / militares | 194 / 433 |
Foco
⚔️ 38.5% · 🌾 61.5%
Skirmisher ×265 · Longbowman ×165 · Trebuchet (Packed) ×2 · Monk ×1
Feudal
10:15
Castillos
14:12
Imperial
28:16
| APM promedio | 26.9 |
| APM pico | 92 |
| eAPM promedio | 16.5 |
| Aldeanos / militares | 198 / 373 |
Foco
⚔️ 34.4% · 🌾 65.6%
Scout Cavalry ×203 · Genoese Crossbowman ×161 · Unknown (882) ×98 · Trebuchet (Packed) ×9
Mapa de la partida
Recursos iniciales + cada clic de construcción. Líneas = muros · curvas = relieve. ◆ oro · ⬟ piedra · ● bayas · ✦ reliquia · ◌ hueco del cierre
Tu base· ✓ Cerrada en 14:56 · 0t muro · 3 puerta(s)
Base de Cronik· ✓ Cerrada en 15:18 · 0t muro · 2 puerta(s)
Base de PotatoAJ· ✓ Cerrada en 19:09 · 0t muro · 2 puerta(s)
Base de 3Dominik· ✓ Cerrada en 15:17 · 0t muro · 3 puerta(s)
Base de idefixyeee· ✓ Cerrada en 14:00 · 0t muro · 3 puerta(s)
Base de Boroo· ✓ Cerrada en 16:49 · 0t muro · 2 puerta(s)
Base de eloty· ✓ Cerrada en 14:31 · 0t muro · 3 puerta(s)
Base de Lord Snow· ✓ Cerrada en 14:12 · 0t muro · 2 puerta(s)
Terreno inicial suavizado · ◌ = hueco del cierre detectado · pasá el cursor para detalles
Inputs por minuto
— VIT | Hera - - Cronik
Build order — VIT | Hera
Primeras 150 de 507 acciones detectadas
| 0:01 | Crear | Villager (Male) |
| 0:01 | Crear | Villager (Male) |
| 0:02 | Construir | House |
| 0:02 | Construir | House |
| 0:07 | Crear | Villager (Male) |
| 0:27 | Crear | Villager (Male) |
| 0:27 | Crear | Villager (Male) |
| 1:26 | Crear | Villager (Male) |
| 1:26 | Crear | Villager (Male) |
| 1:56 | Construir | Lumber Camp |
| 1:59 | Crear | Villager (Male) |
| 2:00 | Crear | Villager (Male) |
| 2:20 | Crear | Villager (Male) |
| 2:48 | Crear | Villager (Male) |
| 2:49 | Crear | Villager (Male) |
| 3:00 | Crear | Villager (Male) |
| 3:01 | Crear | Villager (Male) |
| 3:29 | Crear | Villager (Male) |
| 3:30 | Crear | Villager (Male) |
| 3:41 | Construir | House |
| 3:42 | Construir | House |
| 4:01 | Crear | Villager (Male) |
| 4:01 | Crear | Villager (Male) |
| 4:23 | Crear | Villager (Male) |
| 4:24 | Crear | Villager (Male) |
| 4:33 | Construir | Mill |
| 4:54 | Crear | Villager (Male) |
| 4:54 | Crear | Villager (Male) |
| 4:59 | Crear | Villager (Male) |
| 5:00 | Crear | Villager (Male) |
| 5:43 | Crear | Villager (Male) |
| 5:43 | Crear | Villager (Male) |
| 6:32 | Crear | Villager (Male) |
| 6:43 | Crear | Villager (Male) |
| 6:43 | Crear | Villager (Male) |
| 7:52 | Crear | Villager (Male) |
| 7:52 | Crear | Villager (Male) |
| 8:28 | Construir | Mining Camp |
| 8:35 | Construir | Farm |
| 8:36 | Construir | Farm |
| 8:45 | Investigar | Feudal Age |
| 8:45 | Investigar | Feudal Age |
| 9:10 | Construir | House |
| 9:11 | Construir | House |
| 9:19 | Construir | Farm |
| 10:25 | Crear | Villager (Male) |
| 10:56 | Edad | Edad Feudal |
| 11:01 | Construir | Market |
| 11:03 | Construir | Blacksmith |
| 11:16 | Crear | Villager (Male) |
| 11:29 | Construir | Farm |
| 11:49 | Crear | Villager (Male) |
| 12:16 | Investigar | Castle Age |
| 12:16 | Investigar | Castle Age |
| 12:51 | Investigar | Double-Bit Axe |
| 12:51 | Investigar | Double-Bit Axe |
| 13:16 | Investigar | Horse Collar |
| 13:16 | Investigar | Horse Collar |
| 13:18 | Construir | Farm |
| 13:19 | Construir | Farm |
| 13:21 | Construir | Farm |
| 13:24 | Construir | Farm |
| 13:29 | Construir | Farm |
| 13:57 | Crear | Villager (Male) |
| 14:06 | Crear | Villager (Male) |
| 14:56 | Edad | Edad de los Castillos |
| 14:57 | Construir | Town Center |
| 14:58 | Investigar | Bow Saw |
| 14:58 | Investigar | Bow Saw |
| 15:05 | Construir | Town Center |
| 15:10 | Investigar | Heavy Plow |
| 15:10 | Investigar | Heavy Plow |
| 15:11 | Crear | Villager (Male) |
| 15:12 | Crear | Villager (Male) |
| 15:26 | Construir | Farm |
| 15:37 | Crear | Villager (Male) |
| 15:43 | Construir | Farm |
| 16:07 | Crear | Villager (Male) |
| 16:08 | Crear | Villager (Male) |
| 16:09 | Crear | Villager (Male) |
| 16:10 | Construir | Farm |
| 16:11 | Construir | Farm |
| 16:19 | Construir | Farm |
| 16:21 | Crear | Villager (Male) |
| 16:36 | Crear | Villager (Male) |
| 16:42 | Construir | Farm |
| 16:43 | Construir | Farm |
| 16:44 | Crear | Villager (Male) |
| 16:44 | Crear | Villager (Male) |
| 16:57 | Construir | Farm |
| 17:02 | Crear | Villager (Male) |
| 17:02 | Crear | Villager (Male) |
| 17:04 | Construir | Farm |
| 17:09 | Crear | Villager (Male) |
| 17:09 | Crear | Villager (Male) |
| 17:12 | Crear | Villager (Male) |
| 17:13 | Crear | Villager (Male) |
| 17:14 | Construir | Farm |
| 17:20 | Crear | Villager (Male) |
| 17:24 | Construir | Farm |
| 17:30 | Construir | Farm |
| 17:39 | Crear | Villager (Male) |
| 17:39 | Crear | Villager (Male) |
| 17:40 | Crear | Villager (Male) |
| 17:41 | Construir | Farm |
| 17:43 | Construir | Farm |
| 17:53 | Crear | Villager (Male) |
| 18:00 | Construir | Farm |
| 18:04 | Construir | House |
| 18:10 | Construir | House |
| 18:11 | Construir | House |
| 18:12 | Crear | Villager (Male) |
| 18:14 | Construir | House |
| 18:14 | Construir | House |
| 18:18 | Crear | Villager (Male) |
| 18:19 | Crear | Villager (Male) |
| 18:19 | Crear | Villager (Male) |
| 18:19 | Crear | Villager (Male) |
| 18:25 | Investigar | Wheelbarrow |
| 18:25 | Investigar | Wheelbarrow |
| 18:30 | Construir | Farm |
| 18:33 | Crear | Villager (Male) |
| 18:33 | Crear | Villager (Male) |
| 18:37 | Construir | Farm |
| 18:38 | Crear | Villager (Male) |
| 18:41 | Crear | Villager (Male) |
| 18:41 | Crear | Villager (Male) |
| 18:53 | Construir | House |
| 18:56 | Crear | Villager (Male) |
| 18:56 | Crear | Villager (Male) |
| 19:00 | Construir | House |
| 19:05 | Construir | House |
| 19:08 | Construir | Farm |
| 19:09 | Construir | Farm |
| 19:12 | Construir | Farm |
| 19:14 | Crear | Villager (Male) ×2 |
| 19:21 | Construir | Siege Workshop |
| 19:26 | Construir | House |
| 19:34 | Crear | Villager (Male) |
| 19:34 | Crear | Villager (Male) |
| 19:37 | Construir | House |
| 19:43 | Construir | House |
| 19:47 | Crear | Villager (Male) |
| 19:49 | Crear | Villager (Male) |
| 19:49 | Crear | Villager (Male) |
| 19:51 | Crear | Villager (Male) |
| 19:51 | Crear | Villager (Male) |
| 19:58 | Crear | Mangonel |
| 20:00 | Crear | Villager (Male) |
| 20:20 | Investigar | Loom |
Build order — Cronik
Primeras 150 de 261 acciones detectadas
| 0:02 | Crear | Villager (Male) ×4 |
| 0:05 | Construir | House |
| 0:07 | Construir | House |
| 0:31 | Construir | Mill |
| 1:33 | Crear | Villager (Male) |
| 1:59 | Crear | Villager (Male) |
| 1:59 | Crear | Villager (Male) |
| 2:20 | Crear | Villager (Male) |
| 2:42 | Crear | Villager (Male) |
| 2:42 | Crear | Villager (Male) |
| 3:11 | Construir | House |
| 3:12 | Construir | House |
| 3:17 | Crear | Villager (Male) |
| 3:47 | Crear | Villager (Male) ×2 |
| 4:06 | Construir | Lumber Camp |
| 4:31 | Crear | Villager (Male) |
| 4:57 | Crear | Villager (Male) ×3 |
| 5:12 | Crear | Villager (Male) ×2 |
| 6:18 | Construir | Farm |
| 6:21 | Construir | Farm |
| 7:03 | Crear | Villager (Male) |
| 7:03 | Crear | Villager (Male) |
| 7:19 | Construir | House |
| 7:38 | Construir | Mining Camp |
| 7:57 | Crear | Villager (Male) |
| 8:04 | Investigar | Feudal Age |
| 8:29 | Crear | Villager (Male) |
| 8:30 | Crear | Villager (Male) |
| 10:33 | Edad | Edad Feudal |
| 10:35 | Construir | Market |
| 10:38 | Construir | Blacksmith |
| 10:49 | Construir | Farm |
| 10:52 | Construir | Farm |
| 10:57 | Construir | Farm |
| 11:01 | Construir | Farm |
| 11:22 | Crear | Villager (Male) |
| 11:26 | Construir | Farm |
| 11:30 | Construir | Farm |
| 11:48 | Crear | Villager (Male) |
| 11:54 | Construir | Farm |
| 12:38 | Investigar | Castle Age |
| 12:38 | Investigar | Castle Age |
| 12:46 | Construir | House |
| 12:47 | Construir | House |
| 13:08 | Investigar | Double-Bit Axe |
| 14:46 | Crear | Villager (Male) |
| 14:46 | Crear | Villager (Male) |
| 15:18 | Edad | Edad de los Castillos |
| 15:25 | Construir | Siege Workshop |
| 15:34 | Construir | Farm |
| 15:35 | Construir | Farm |
| 15:36 | Construir | Farm |
| 15:43 | Investigar | Bow Saw |
| 15:44 | Investigar | Horse Collar |
| 15:47 | Crear | Villager (Male) |
| 15:47 | Crear | Villager (Male) |
| 15:53 | Crear | Armored Elephant |
| 15:54 | Crear | Armored Elephant |
| 15:59 | Crear | Villager (Male) |
| 16:18 | Crear | Villager (Male) |
| 16:21 | Construir | Farm |
| 16:35 | Crear | Armored Elephant |
| 16:56 | Crear | Armored Elephant |
| 17:03 | Construir | Barracks |
| 17:12 | Construir | Farm |
| 17:13 | Construir | Farm |
| 17:26 | Construir | House |
| 17:27 | Construir | House |
| 17:35 | Crear | Villager (Male) |
| 17:57 | Crear | Villager (Male) |
| 18:16 | Crear | Scorpion |
| 18:16 | Crear | Scorpion |
| 18:17 | Crear | Villager (Male) |
| 18:21 | Construir | Farm |
| 18:23 | Construir | Farm |
| 18:24 | Construir | Farm |
| 18:25 | Construir | Farm |
| 18:43 | Crear | Scorpion |
| 18:48 | Crear | Villager (Male) |
| 18:58 | Construir | Farm |
| 19:09 | Crear | Villager (Male) |
| 19:23 | Crear | Villager (Male) |
| 19:45 | Crear | Scorpion |
| 19:46 | Crear | Villager (Male) |
| 19:49 | Construir | Farm |
| 19:50 | Construir | Farm |
| 20:31 | Crear | Villager (Male) |
| 20:38 | Construir | Farm |
| 20:39 | Construir | House |
| 20:40 | Construir | House |
| 20:55 | Crear | Villager (Male) |
| 21:25 | Crear | Villager (Male) |
| 21:36 | Crear | Scorpion |
| 21:36 | Crear | Scorpion |
| 21:36 | Crear | Scorpion |
| 21:51 | Crear | Scorpion |
| 21:51 | Crear | Scorpion |
| 22:24 | Crear | Villager (Male) |
| 22:28 | Construir | Farm |
| 22:28 | Construir | Farm |
| 22:28 | Construir | Farm |
| 22:28 | Construir | Farm |
| 22:29 | Construir | Farm |
| 22:29 | Construir | Farm |
| 22:34 | Crear | Villager (Male) |
| 22:52 | Crear | Villager (Male) |
| 23:12 | Construir | Monastery |
| 23:17 | Crear | Villager (Male) |
| 23:35 | Construir | Mining Camp |
| 24:00 | Crear | Villager (Male) |
| 24:12 | Investigar | Imperial Age |
| 24:12 | Investigar | Imperial Age |
| 24:28 | Investigar | Loom |
| 24:35 | Construir | Lumber Camp |
| 24:44 | Crear | Mangonel |
| 24:56 | Investigar | Imperial Age |
| 25:17 | Investigar | Fletching |
| 25:17 | Investigar | Fletching |
| 25:46 | Crear | Villager (Male) |
| 26:36 | Crear | Mangonel |
| 26:44 | Investigar | Bodkin Arrow |
| 26:45 | Investigar | Bodkin Arrow |
| 27:04 | Construir | House |
| 27:05 | Construir | House |
| 27:05 | Construir | House |
| 27:05 | Construir | House |
| 27:06 | Construir | House |
| 27:06 | Construir | House |
| 27:30 | Crear | Villager (Male) |
| 27:57 | Crear | Villager (Male) |
| 28:05 | Crear | Villager (Male) |
| 28:06 | Edad | Edad Imperial |
| 28:14 | Construir | Castle |
| 28:16 | Crear | Villager (Male) |
| 28:46 | Construir | University |
| 29:26 | Investigar | Gold Mining |
| 29:37 | Crear | Trebuchet (Packed) |
| 29:45 | Construir | Lumber Camp |
| 29:47 | Construir | Mining Camp |
| 29:50 | Crear | Trebuchet (Packed) |
| 29:52 | Crear | Villager (Male) |
| 29:52 | Crear | Villager (Male) |
| 30:19 | Investigar | Chemistry |
| 30:19 | Investigar | Chemistry |
| 30:20 | Investigar | Masonry |
| 30:20 | Investigar | Masonry |
| 30:23 | Crear | Villager (Male) |
| 30:39 | Crear | Trebuchet (Packed) |
| 30:45 | Crear | Villager (Male) |
| 30:48 | Investigar | Wheelbarrow |
Build order — PotatoAJ
Primeras 150 de 264 acciones detectadas
| 0:01 | Crear | Villager (Male) |
| 0:04 | Construir | House |
| 0:06 | Construir | House |
| 0:29 | Crear | Villager (Male) |
| 0:29 | Crear | Villager (Male) |
| 0:41 | Crear | Villager (Male) |
| 1:38 | Crear | Villager (Male) |
| 2:14 | Crear | Villager (Male) |
| 2:14 | Crear | Villager (Male) |
| 2:33 | Crear | Villager (Male) |
| 2:35 | Crear | Villager (Male) |
| 2:44 | Construir | House |
| 2:51 | Construir | Lumber Camp |
| 3:07 | Crear | Villager (Male) |
| 3:29 | Crear | Villager (Male) |
| 3:53 | Crear | Villager (Male) |
| 4:08 | Crear | Villager (Male) |
| 4:26 | Crear | Villager (Male) |
| 5:06 | Crear | Villager (Male) |
| 5:25 | Crear | Villager (Male) |
| 5:35 | Construir | Mill |
| 5:51 | Crear | Villager (Male) |
| 5:51 | Investigar | Loom |
| 6:20 | Crear | Villager (Male) |
| 6:23 | Construir | House |
| 6:32 | Construir | Mill |
| 7:12 | Investigar | Feudal Age |
| 7:54 | Crear | Villager (Male) |
| 7:55 | Crear | Villager (Male) |
| 8:35 | Construir | Farm |
| 8:43 | Construir | House |
| 8:43 | Construir | House |
| 9:02 | Construir | Farm |
| 9:06 | Construir | Farm |
| 9:16 | Crear | Villager (Male) |
| 9:18 | Construir | Farm |
| 9:23 | Construir | Farm |
| 9:24 | Edad | Edad Feudal |
| 9:30 | Investigar | Double-Bit Axe |
| 9:32 | Investigar | Horse Collar |
| 9:51 | Construir | Mining Camp |
| 10:06 | Crear | Villager (Male) |
| 10:19 | Construir | Farm |
| 10:29 | Investigar | Gold Mining |
| 10:33 | Crear | Villager (Male) |
| 10:44 | Construir | Farm |
| 10:48 | Crear | Villager (Male) |
| 11:13 | Crear | Villager (Male) |
| 11:35 | Construir | Farm |
| 11:38 | Crear | Villager (Male) |
| 11:54 | Crear | Villager (Male) |
| 12:09 | Construir | Blacksmith |
| 12:13 | Crear | Villager (Male) |
| 12:42 | Crear | Villager (Male) |
| 13:12 | Construir | Farm |
| 13:20 | Construir | House |
| 13:20 | Construir | House |
| 13:21 | Construir | House |
| 13:22 | Construir | House |
| 13:24 | Construir | House |
| 13:25 | Construir | House |
| 13:34 | Crear | Villager (Male) |
| 13:38 | Construir | Farm |
| 14:10 | Construir | Farm |
| 14:16 | Construir | Farm |
| 14:20 | Crear | Villager (Male) |
| 14:25 | Crear | Villager (Male) |
| 14:42 | Construir | Market |
| 14:55 | Construir | Farm |
| 14:57 | Crear | Villager (Male) |
| 15:22 | Construir | Mining Camp |
| 15:31 | Crear | Villager (Male) |
| 16:03 | Crear | Villager (Male) |
| 16:12 | Construir | Farm |
| 16:25 | Investigar | Castle Age |
| 16:40 | Construir | Barracks |
| 16:50 | Investigar | Stone Mining |
| 17:10 | Investigar | Fletching |
| 17:49 | Investigar | Wheelbarrow |
| 18:26 | Crear | Villager (Male) |
| 18:27 | Crear | Villager (Male) |
| 19:09 | Edad | Edad de los Castillos |
| 19:15 | Construir | Town Center |
| 19:29 | Investigar | Pikeman (upgrade) |
| 19:30 | Crear | Spearman |
| 19:31 | Crear | Spearman |
| 19:32 | Crear | Spearman |
| 19:36 | Construir | Barracks |
| 19:56 | Crear | Spearman |
| 19:56 | Crear | Spearman |
| 20:17 | Investigar | Scale Mail Armor |
| 20:36 | Crear | Villager (Male) |
| 20:41 | Crear | Spearman |
| 20:41 | Crear | Spearman |
| 20:44 | Crear | Spearman |
| 20:46 | Crear | Spearman |
| 20:53 | Construir | Farm |
| 20:54 | Construir | Farm |
| 20:56 | Crear | Villager (Male) |
| 20:56 | Crear | Villager (Male) |
| 20:57 | Crear | Villager (Male) |
| 21:30 | Crear | Spearman |
| 21:30 | Crear | Spearman |
| 21:50 | Crear | Spearman |
| 21:51 | Crear | Spearman |
| 21:51 | Crear | Spearman |
| 21:53 | Crear | Spearman |
| 21:53 | Crear | Spearman |
| 22:55 | Crear | Spearman |
| 22:55 | Crear | Spearman |
| 22:59 | Crear | Spearman |
| 23:06 | Crear | Villager (Male) |
| 23:06 | Crear | Villager (Male) |
| 23:08 | Crear | Villager (Male) |
| 23:08 | Crear | Villager (Male) |
| 23:38 | Construir | Castle |
| 23:46 | Crear | Spearman |
| 23:48 | Crear | Villager (Male) |
| 23:48 | Crear | Villager (Male) |
| 23:52 | Construir | Farm |
| 24:02 | Investigar | Coinage |
| 24:05 | Crear | Villager (Male) |
| 24:06 | Crear | Villager (Male) |
| 24:06 | Crear | Villager (Male) |
| 24:11 | Construir | Farm |
| 24:28 | Construir | Farm |
| 24:37 | Crear | Spearman |
| 24:37 | Crear | Spearman |
| 24:39 | Crear | Spearman |
| 24:39 | Crear | Spearman |
| 24:44 | Construir | House |
| 24:45 | Construir | House |
| 24:46 | Construir | House |
| 24:46 | Construir | House |
| 24:56 | Construir | Farm |
| 25:19 | Crear | Villager (Male) |
| 25:20 | Crear | Villager (Male) |
| 25:22 | Crear | Villager (Male) |
| 26:24 | Construir | Farm |
| 26:45 | Construir | Siege Workshop |
| 26:49 | Crear | Mangudai |
| 26:49 | Crear | Mangudai |
| 27:03 | Crear | Villager (Male) |
| 27:03 | Crear | Villager (Male) |
| 27:06 | Crear | Villager (Male) |
| 27:07 | Crear | Villager (Male) |
| 27:16 | Investigar | Bow Saw |
| 27:46 | Construir | Town Center |
| 28:07 | Crear | Villager (Male) |
| 28:07 | Crear | Villager (Male) |
Build order — 3Dominik
Primeras 150 de 1029 acciones detectadas
| 0:02 | Crear | Villager (Male) |
| 0:02 | Crear | Villager (Male) |
| 0:03 | Crear | Villager (Male) |
| 0:03 | Crear | Villager (Male) |
| 0:04 | Construir | House |
| 0:06 | Construir | House |
| 1:30 | Crear | Villager (Male) |
| 1:30 | Crear | Villager (Male) |
| 2:00 | Crear | Villager (Male) |
| 2:00 | Crear | Villager (Male) |
| 2:04 | Construir | Lumber Camp |
| 2:15 | Construir | House |
| 2:18 | Construir | House |
| 2:29 | Crear | Villager (Male) |
| 2:29 | Crear | Villager (Male) |
| 2:29 | Crear | Villager (Male) |
| 2:39 | Crear | Villager (Male) |
| 2:40 | Crear | Villager (Male) |
| 2:58 | Crear | Villager (Male) |
| 2:58 | Crear | Villager (Male) |
| 3:23 | Crear | Villager (Male) |
| 3:23 | Crear | Villager (Male) |
| 3:53 | Crear | Villager (Male) |
| 3:53 | Crear | Villager (Male) |
| 4:34 | Crear | Villager (Male) |
| 4:35 | Crear | Villager (Male) |
| 4:59 | Crear | Villager (Male) |
| 4:59 | Crear | Villager (Male) |
| 4:59 | Crear | Villager (Male) |
| 5:00 | Crear | Villager (Male) |
| 5:00 | Crear | Villager (Male) |
| 5:07 | Construir | Mill |
| 5:15 | Construir | Mill |
| 5:56 | Construir | Mill |
| 6:00 | Crear | Villager (Male) |
| 6:01 | Crear | Villager (Male) |
| 6:46 | Crear | Villager (Male) |
| 7:24 | Crear | Villager (Male) |
| 7:45 | Crear | Villager (Male) |
| 7:46 | Crear | Villager (Male) |
| 7:46 | Crear | Villager (Male) |
| 8:26 | Construir | Mining Camp |
| 8:41 | Investigar | Feudal Age |
| 10:34 | Construir | House |
| 10:39 | Construir | Farm |
| 10:44 | Construir | Farm |
| 10:47 | Crear | Villager (Male) |
| 10:57 | Edad | Edad Feudal |
| 11:02 | Construir | Market |
| 11:11 | Construir | Blacksmith |
| 11:16 | Crear | Villager (Male) |
| 11:18 | Construir | Farm |
| 11:22 | Construir | Farm |
| 11:26 | Construir | Farm |
| 11:49 | Crear | Villager (Male) |
| 11:52 | Construir | Farm |
| 12:37 | Investigar | Castle Age |
| 13:08 | Construir | House |
| 13:15 | Construir | Farm |
| 13:16 | Construir | Farm |
| 13:23 | Investigar | Double-Bit Axe |
| 14:11 | Construir | Outpost |
| 14:18 | Investigar | Loom |
| 14:26 | Construir | House |
| 15:11 | Crear | Villager (Male) |
| 15:12 | Crear | Villager (Male) |
| 15:17 | Edad | Edad de los Castillos |
| 15:22 | Construir | Town Center |
| 15:46 | Construir | Town Center |
| 15:49 | Crear | Villager (Male) |
| 15:52 | Investigar | Bow Saw |
| 15:54 | Crear | Villager (Male) |
| 15:54 | Crear | Villager (Male) |
| 16:24 | Construir | House |
| 16:27 | Construir | House |
| 16:33 | Crear | Villager (Male) |
| 16:46 | Investigar | Horse Collar |
| 16:50 | Crear | Villager (Male) |
| 16:50 | Crear | Villager (Male) |
| 16:55 | Construir | Farm |
| 16:59 | Construir | Farm |
| 17:01 | Construir | Farm |
| 17:05 | Construir | Farm |
| 17:10 | Construir | Farm |
| 17:12 | Crear | Villager (Male) |
| 17:14 | Crear | Villager (Male) |
| 17:18 | Crear | Villager (Male) |
| 17:18 | Crear | Villager (Male) |
| 17:28 | Crear | Villager (Male) |
| 17:29 | Crear | Villager (Male) |
| 17:31 | Crear | Villager (Male) |
| 17:42 | Construir | House |
| 17:46 | Construir | House |
| 17:50 | Crear | Villager (Male) |
| 17:51 | Crear | Villager (Male) |
| 18:07 | Crear | Villager (Male) |
| 18:07 | Crear | Villager (Male) |
| 18:12 | Construir | Farm |
| 18:15 | Construir | Farm |
| 18:18 | Construir | Farm |
| 18:21 | Construir | Farm |
| 18:24 | Construir | Farm |
| 18:27 | Construir | Farm |
| 18:33 | Construir | Farm |
| 18:34 | Crear | Villager (Male) |
| 18:35 | Crear | Villager (Male) |
| 18:42 | Construir | Farm |
| 18:42 | Construir | Farm |
| 18:42 | Construir | Farm |
| 18:42 | Construir | Farm |
| 18:43 | Construir | Farm |
| 18:43 | Construir | Farm |
| 18:43 | Construir | Farm |
| 18:43 | Construir | Farm |
| 18:44 | Construir | Farm |
| 18:44 | Construir | Farm |
| 18:44 | Construir | Farm |
| 18:44 | Construir | Farm |
| 18:49 | Construir | Farm |
| 18:49 | Crear | Villager (Male) |
| 18:51 | Crear | Villager (Male) |
| 19:06 | Crear | Villager (Male) |
| 19:10 | Crear | Villager (Male) |
| 19:19 | Construir | Farm |
| 19:21 | Crear | Villager (Male) |
| 19:26 | Crear | Villager (Male) |
| 19:29 | Construir | House |
| 19:30 | Construir | House |
| 19:31 | Construir | House |
| 19:37 | Crear | Villager (Male) |
| 19:42 | Crear | Villager (Male) |
| 19:48 | Crear | Villager (Male) |
| 19:55 | Construir | Farm |
| 20:00 | Construir | Lumber Camp |
| 20:03 | Crear | Villager (Male) |
| 20:03 | Crear | Villager (Male) |
| 20:07 | Crear | Villager (Male) |
| 20:08 | Crear | Villager (Male) |
| 20:15 | Construir | Farm |
| 20:19 | Construir | Farm |
| 20:27 | Construir | Mining Camp |
| 20:43 | Construir | House |
| 20:46 | Construir | House |
| 20:49 | Construir | House |
| 20:49 | Construir | House |
| 20:51 | Construir | House |
| 20:53 | Construir | House |
| 20:58 | Crear | Villager (Male) |
| 20:58 | Crear | Villager (Male) |
| 20:58 | Crear | Villager (Male) |
Build order — idefixyeee
Primeras 150 de 356 acciones detectadas
| 0:01 | Crear | Villager (Male) ×4 |
| 0:03 | Construir | House |
| 0:05 | Construir | House |
| 1:26 | Crear | Villager (Male) |
| 1:46 | Construir | Lumber Camp |
| 1:58 | Crear | Villager (Male) |
| 1:59 | Crear | Villager (Male) |
| 2:19 | Crear | Villager (Male) |
| 2:45 | Crear | Villager (Male) |
| 3:07 | Crear | Villager (Male) |
| 3:29 | Construir | House |
| 3:37 | Crear | Villager (Male) |
| 3:37 | Crear | Villager (Male) |
| 3:58 | Crear | Villager (Male) |
| 4:05 | Construir | House |
| 4:19 | Crear | Villager (Male) |
| 4:19 | Crear | Villager (Male) |
| 4:19 | Crear | Villager (Male) |
| 4:37 | Construir | Mill |
| 5:40 | Crear | Villager (Male) |
| 5:48 | Crear | Villager (Male) |
| 5:48 | Crear | Villager (Male) |
| 6:17 | Crear | Villager (Male) |
| 6:33 | Crear | Villager (Male) |
| 6:44 | Construir | Mining Camp |
| 6:59 | Crear | Villager (Male) |
| 7:41 | Crear | Villager (Male) |
| 8:06 | Investigar | Feudal Age |
| 8:12 | Crear | Villager (Male) |
| 8:12 | Crear | Villager (Male) |
| 8:20 | Crear | Villager (Male) |
| 9:12 | Construir | Farm |
| 10:20 | Edad | Edad Feudal |
| 10:24 | Construir | Market |
| 10:25 | Construir | Blacksmith |
| 11:20 | Investigar | Castle Age |
| 11:46 | Construir | House |
| 11:52 | Crear | Villager (Male) |
| 11:58 | Investigar | Double-Bit Axe |
| 12:13 | Construir | Farm |
| 12:16 | Construir | Farm |
| 12:19 | Construir | Farm |
| 12:21 | Construir | Farm |
| 12:27 | Crear | Villager (Male) |
| 14:00 | Edad | Edad de los Castillos |
| 14:27 | Crear | Villager (Male) |
| 14:33 | Construir | Farm |
| 14:54 | Construir | Farm |
| 14:57 | Crear | Villager (Male) |
| 15:06 | Construir | Town Center |
| 15:15 | Construir | Town Center |
| 15:17 | Crear | Villager (Male) |
| 15:18 | Crear | Villager (Male) |
| 15:25 | Construir | House |
| 15:26 | Construir | House |
| 15:31 | Construir | House |
| 15:36 | Crear | Villager (Male) |
| 16:00 | Crear | Villager (Male) ×5 |
| 16:29 | Crear | Villager (Male) ×5 |
| 16:37 | Construir | Farm |
| 16:40 | Construir | Farm |
| 16:43 | Construir | Farm |
| 16:46 | Crear | Villager (Male) ×5 |
| 16:55 | Crear | Villager (Male) ×4 |
| 17:02 | Construir | House |
| 17:03 | Construir | House |
| 17:09 | Construir | Farm |
| 17:11 | Construir | Farm |
| 17:14 | Construir | Farm |
| 17:20 | Investigar | Horse Collar |
| 17:27 | Construir | Farm |
| 17:34 | Construir | Farm |
| 17:49 | Crear | Villager (Male) |
| 17:53 | Construir | House |
| 17:54 | Construir | House |
| 17:57 | Crear | Villager (Male) |
| 18:02 | Construir | Farm |
| 18:19 | Crear | Villager (Male) ×2 |
| 18:29 | Construir | Farm |
| 18:37 | Crear | Villager (Male) ×2 |
| 18:48 | Construir | Farm |
| 18:51 | Crear | Villager (Male) |
| 18:54 | Construir | House |
| 18:57 | Construir | House |
| 19:13 | Investigar | Heavy Plow |
| 19:35 | Crear | Villager (Male) ×5 |
| 19:57 | Construir | House |
| 20:00 | Construir | House |
| 20:03 | Crear | Villager (Male) ×5 |
| 20:17 | Investigar | Bow Saw |
| 20:21 | Construir | Farm |
| 20:23 | Construir | Farm |
| 20:26 | Construir | Farm |
| 20:27 | Crear | Villager (Male) |
| 20:32 | Construir | Farm |
| 20:39 | Construir | Farm |
| 20:42 | Crear | Villager (Male) ×2 |
| 21:16 | Crear | Villager (Male) |
| 21:17 | Crear | Villager (Male) |
| 21:17 | Crear | Villager (Male) |
| 21:19 | Crear | Villager (Male) |
| 21:19 | Crear | Villager (Male) |
| 21:19 | Crear | Villager (Male) |
| 21:24 | Construir | House |
| 21:27 | Construir | House |
| 21:28 | Construir | House |
| 21:32 | Crear | Villager (Male) ×2 |
| 21:54 | Crear | Villager (Male) ×3 |
| 21:58 | Construir | Farm |
| 21:58 | Construir | Farm |
| 21:58 | Construir | Farm |
| 22:03 | Construir | Farm |
| 22:15 | Investigar | Wheelbarrow |
| 22:21 | Construir | Mining Camp |
| 22:27 | Construir | Farm |
| 22:33 | Crear | Villager (Male) ×2 |
| 22:58 | Construir | Monastery |
| 23:01 | Crear | Villager (Male) ×4 |
| 23:12 | Investigar | Stone Mining |
| 23:20 | Construir | Mining Camp |
| 23:23 | Crear | Villager (Male) ×2 |
| 23:29 | Construir | House |
| 23:30 | Construir | House |
| 23:32 | Construir | House |
| 23:33 | Construir | House |
| 23:38 | Investigar | Loom |
| 23:48 | Crear | Monk |
| 24:01 | Construir | Mill |
| 24:02 | Construir | Farm |
| 24:02 | Construir | Farm |
| 24:03 | Construir | Farm |
| 24:03 | Construir | Farm |
| 24:03 | Construir | Farm |
| 24:04 | Construir | Farm |
| 24:04 | Construir | Farm |
| 24:04 | Construir | Farm |
| 24:07 | Crear | Villager (Male) ×5 |
| 24:18 | Investigar | Gold Mining |
| 24:35 | Investigar | Hand Cart |
| 24:38 | Investigar | Town Watch |
| 24:40 | Crear | Villager (Male) ×3 |
| 24:54 | Crear | Monk |
| 24:56 | Investigar | Fervor |
| 24:59 | Crear | Villager (Male) ×4 |
| 25:05 | Construir | University |
| 25:13 | Crear | Villager (Male) ×2 |
| 25:52 | Crear | Villager (Male) ×5 |
| 26:02 | Construir | House |
| 26:03 | Construir | House |
| 26:05 | Construir | House |
Build order — Boroo
Primeras 150 de 562 acciones detectadas
| 0:02 | Crear | Villager (Male) |
| 0:02 | Crear | Villager (Male) |
| 0:02 | Crear | Villager (Male) |
| 0:02 | Crear | Villager (Male) |
| 0:03 | Crear | Villager (Male) |
| 0:03 | Crear | Villager (Male) |
| 0:05 | Construir | House |
| 0:07 | Construir | House |
| 1:30 | Crear | Villager (Male) |
| 1:30 | Crear | Villager (Male) |
| 1:50 | Construir | Lumber Camp |
| 2:11 | Crear | Villager (Male) |
| 2:12 | Crear | Villager (Male) |
| 2:26 | Crear | Villager (Male) |
| 2:26 | Crear | Villager (Male) |
| 2:55 | Crear | Villager (Male) |
| 3:27 | Crear | Villager (Male) |
| 3:28 | Crear | Villager (Male) |
| 3:53 | Construir | House |
| 4:09 | Crear | Villager (Male) |
| 4:10 | Crear | Villager (Male) |
| 4:15 | Construir | House |
| 4:17 | Construir | House |
| 4:26 | Crear | Villager (Male) |
| 4:42 | Investigar | Double-Bit Axe |
| 5:02 | Crear | Villager (Male) |
| 5:26 | Crear | Villager (Male) |
| 5:37 | Construir | Mill |
| 5:57 | Crear | Villager (Male) |
| 6:03 | Crear | Villager (Male) |
| 6:04 | Crear | Villager (Male) |
| 6:20 | Investigar | Horse Collar |
| 6:24 | Construir | Farm |
| 6:26 | Construir | Farm |
| 6:51 | Crear | Villager (Male) |
| 6:56 | Construir | Farm |
| 7:14 | Construir | Farm |
| 7:21 | Crear | Villager (Male) |
| 7:21 | Crear | Villager (Male) |
| 7:39 | Construir | Farm |
| 8:04 | Investigar | Wheelbarrow |
| 8:36 | Construir | Mining Camp |
| 9:40 | Investigar | Feudal Age |
| 9:54 | Construir | Farm |
| 11:13 | Construir | Farm |
| 11:19 | Construir | Farm |
| 11:23 | Crear | Villager (Male) |
| 11:23 | Crear | Villager (Male) |
| 11:53 | Edad | Edad Feudal |
| 11:54 | Investigar | Hand Cart |
| 11:56 | Construir | Market |
| 12:17 | Construir | Blacksmith |
| 12:29 | Construir | Farm |
| 13:10 | Crear | Villager (Male) |
| 13:11 | Crear | Villager (Male) |
| 14:09 | Investigar | Castle Age |
| 14:10 | Investigar | Castle Age |
| 14:28 | Construir | Barracks |
| 14:51 | Construir | House |
| 14:57 | Construir | House |
| 15:01 | Investigar | Bow Saw |
| 15:04 | Investigar | Heavy Plow |
| 15:08 | Investigar | Gold Mining |
| 15:57 | Crear | Villager (Male) |
| 15:58 | Crear | Villager (Male) |
| 16:13 | Investigar | Gold Shaft Mining |
| 16:49 | Edad | Edad de los Castillos |
| 16:53 | Construir | Town Center |
| 17:07 | Construir | Monastery |
| 17:11 | Construir | Stable |
| 17:16 | Crear | Villager (Male) |
| 17:41 | Crear | Villager (Male) |
| 17:52 | Crear | Monk |
| 17:53 | Crear | Monk |
| 18:10 | Crear | Villager (Male) |
| 18:15 | Construir | House |
| 18:16 | Construir | House |
| 18:17 | Construir | House |
| 18:18 | Construir | House |
| 18:21 | Crear | Villager (Male) |
| 18:22 | Crear | Villager (Male) |
| 18:22 | Crear | Villager (Male) |
| 18:22 | Crear | Villager (Male) |
| 19:01 | Crear | Villager (Male) |
| 19:16 | Crear | Villager (Male) |
| 19:23 | Investigar | Loom |
| 19:23 | Crear | Villager (Male) |
| 19:30 | Crear | Villager (Male) |
| 19:36 | Construir | Town Center |
| 19:41 | Crear | Villager (Male) |
| 19:46 | Investigar | Cavalier (upgrade) |
| 19:46 | Investigar | Husbandry |
| 19:48 | Investigar | Light Cavalry (upgrade) |
| 19:52 | Crear | Villager (Male) |
| 20:03 | Construir | House |
| 20:03 | Construir | House |
| 20:04 | Construir | House |
| 20:45 | Crear | Villager (Male) |
| 20:46 | Crear | Villager (Male) |
| 20:53 | Crear | Villager (Male) |
| 20:53 | Crear | Villager (Male) |
| 20:54 | Crear | Villager (Male) |
| 20:58 | Construir | Farm |
| 20:58 | Construir | Farm |
| 20:59 | Construir | Farm |
| 20:59 | Construir | Farm |
| 20:59 | Construir | Farm |
| 20:59 | Construir | Farm |
| 21:11 | Crear | Villager (Male) |
| 21:15 | Crear | Villager (Male) |
| 21:22 | Construir | Farm |
| 21:22 | Construir | Farm |
| 21:22 | Construir | Farm |
| 21:22 | Construir | Farm |
| 21:23 | Construir | Farm |
| 21:23 | Construir | Farm |
| 21:25 | Crear | Villager (Male) |
| 21:40 | Crear | Villager (Male) |
| 21:46 | Crear | Monk |
| 21:52 | Crear | Villager (Male) |
| 21:53 | Crear | Villager (Male) |
| 21:53 | Crear | Villager (Male) |
| 21:56 | Construir | Farm |
| 22:03 | Construir | Lumber Camp |
| 22:14 | Crear | Villager (Male) |
| 22:14 | Crear | Villager (Male) |
| 22:28 | Crear | Villager (Male) |
| 22:36 | Investigar | Two-Man Saw |
| 22:39 | Crear | Villager (Male) |
| 22:39 | Crear | Villager (Male) |
| 22:39 | Crear | Villager (Male) |
| 22:57 | Crear | Villager (Male) |
| 22:57 | Crear | Villager (Male) |
| 23:11 | Construir | Town Center |
| 23:15 | Crear | Villager (Male) |
| 23:15 | Crear | Villager (Male) |
| 23:22 | Crear | Villager (Male) |
| 23:31 | Crear | Villager (Male) |
| 23:35 | Investigar | Town Watch |
| 23:42 | Construir | Mining Camp |
| 23:45 | Crear | Villager (Male) |
| 23:48 | Investigar | Stone Mining |
| 23:51 | Crear | Villager (Male) |
| 23:53 | Investigar | Crop Rotation |
| 23:55 | Crear | Villager (Male) |
| 23:55 | Crear | Villager (Male) |
| 23:56 | Crear | Villager (Male) |
| 23:56 | Crear | Villager (Male) |
| 24:04 | Crear | Villager (Male) |
| 24:25 | Crear | Villager (Male) |
Build order — eloty
Primeras 150 de 612 acciones detectadas
| 0:01 | Crear | Villager (Male) |
| 0:02 | Construir | House |
| 0:03 | Construir | House |
| 0:15 | Crear | Villager (Male) |
| 0:18 | Crear | Villager (Male) |
| 0:23 | Crear | Villager (Male) |
| 1:19 | Crear | Villager (Male) |
| 1:21 | Construir | Lumber Camp |
| 1:55 | Crear | Villager (Male) |
| 2:08 | Crear | Villager (Male) |
| 2:32 | Crear | Villager (Male) |
| 2:57 | Crear | Villager (Male) |
| 3:19 | Crear | Villager (Male) |
| 3:20 | Crear | Villager (Male) |
| 3:47 | Crear | Villager (Male) |
| 3:51 | Construir | House |
| 4:14 | Construir | Mill |
| 4:36 | Crear | Villager (Male) |
| 4:37 | Crear | Villager (Male) |
| 4:37 | Crear | Villager (Male) |
| 4:37 | Crear | Villager (Male) |
| 4:49 | Construir | House |
| 5:02 | Crear | Villager (Male) |
| 5:20 | Construir | Mill |
| 5:53 | Crear | Villager (Male) |
| 6:28 | Crear | Villager (Male) |
| 6:39 | Construir | Farm |
| 6:45 | Crear | Villager (Male) |
| 7:10 | Construir | Mining Camp |
| 7:21 | Crear | Villager (Male) |
| 7:38 | Crear | Villager (Male) |
| 8:00 | Crear | Villager (Male) |
| 8:24 | Construir | Farm |
| 8:28 | Construir | Mining Camp |
| 8:42 | Investigar | Feudal Age |
| 8:43 | Investigar | Feudal Age |
| 10:57 | Edad | Edad Feudal |
| 10:59 | Construir | Market |
| 11:01 | Construir | Blacksmith |
| 11:51 | Investigar | Castle Age |
| 11:51 | Investigar | Castle Age |
| 12:15 | Investigar | Double-Bit Axe |
| 12:15 | Investigar | Double-Bit Axe |
| 12:32 | Investigar | Horse Collar |
| 12:32 | Investigar | Horse Collar |
| 12:51 | Construir | House |
| 13:02 | Construir | Farm |
| 13:06 | Construir | Farm |
| 13:18 | Construir | Farm |
| 14:31 | Edad | Edad de los Castillos |
| 14:34 | Crear | Villager (Male) |
| 14:37 | Construir | Town Center |
| 14:45 | Crear | Villager (Male) |
| 15:01 | Crear | Villager (Male) |
| 15:06 | Construir | Town Center |
| 15:17 | Investigar | Loom |
| 15:30 | Crear | Villager (Male) |
| 15:38 | Crear | Villager (Male) |
| 15:43 | Construir | Farm |
| 15:44 | Crear | Villager (Male) |
| 15:47 | Construir | Farm |
| 16:03 | Crear | Villager (Male) |
| 16:12 | Crear | Villager (Male) |
| 16:36 | Construir | Monastery |
| 16:37 | Crear | Villager (Male) |
| 16:40 | Crear | Villager (Male) |
| 16:50 | Crear | Villager (Male) |
| 16:51 | Construir | Farm |
| 17:00 | Construir | Farm |
| 17:01 | Crear | Villager (Male) |
| 17:09 | Construir | Farm |
| 17:18 | Crear | Villager (Male) |
| 17:21 | Construir | House |
| 17:22 | Crear | Monk |
| 17:35 | Construir | Farm |
| 17:35 | Crear | Villager (Male) |
| 17:39 | Construir | Farm |
| 17:45 | Construir | Farm |
| 17:55 | Construir | House |
| 18:10 | Construir | Castle |
| 18:11 | Crear | Villager (Male) |
| 18:19 | Construir | House |
| 18:19 | Crear | Villager (Male) |
| 18:22 | Construir | Farm |
| 18:23 | Crear | Villager (Male) |
| 18:28 | Construir | Farm |
| 18:29 | Crear | Villager (Male) |
| 18:46 | Crear | Villager (Male) |
| 18:49 | Construir | House |
| 18:54 | Construir | Farm |
| 18:55 | Crear | Villager (Male) |
| 18:57 | Construir | Farm |
| 18:59 | Construir | Farm |
| 19:04 | Crear | Villager (Male) |
| 19:14 | Construir | Farm |
| 19:19 | Construir | Farm |
| 19:20 | Crear | Villager (Male) |
| 19:29 | Crear | Villager (Male) |
| 19:35 | Construir | Farm |
| 19:36 | Crear | Villager (Male) |
| 19:47 | Crear | Villager (Male) |
| 19:52 | Construir | House |
| 19:56 | Crear | Villager (Male) |
| 20:01 | Construir | Farm |
| 20:02 | Construir | Farm |
| 20:05 | Crear | Villager (Male) |
| 20:13 | Crear | Villager (Male) |
| 20:15 | Construir | Lumber Camp |
| 20:21 | Crear | Villager (Male) |
| 20:27 | Crear | Villager (Male) |
| 20:32 | Construir | Farm |
| 20:32 | Crear | Villager (Male) |
| 20:38 | Construir | House |
| 20:46 | Crear | Villager (Male) |
| 20:49 | Construir | Farm |
| 20:49 | Crear | Villager (Male) |
| 20:57 | Investigar | Wheelbarrow |
| 20:57 | Investigar | Wheelbarrow |
| 20:58 | Crear | Villager (Male) |
| 21:02 | Construir | House |
| 21:15 | Crear | Villager (Male) |
| 21:16 | Crear | Villager (Male) |
| 21:29 | Crear | Villager (Male) |
| 21:39 | Crear | Villager (Male) |
| 21:54 | Crear | Villager (Male) |
| 21:55 | Crear | Villager (Male) |
| 21:58 | Crear | Longbowman |
| 21:58 | Crear | Longbowman |
| 22:16 | Crear | Villager (Male) |
| 22:18 | Construir | House |
| 22:21 | Crear | Villager (Male) |
| 22:27 | Investigar | Heavy Plow |
| 22:28 | Investigar | Bow Saw |
| 22:28 | Investigar | Bow Saw |
| 22:33 | Crear | Villager (Male) |
| 22:38 | Construir | Farm |
| 22:38 | Construir | Farm |
| 22:39 | Construir | Farm |
| 22:40 | Construir | Farm |
| 22:41 | Crear | Villager (Male) |
| 22:47 | Construir | Farm |
| 22:48 | Construir | Farm |
| 22:48 | Construir | Farm |
| 22:49 | Crear | Villager (Male) |
| 22:52 | Construir | Farm |
| 22:52 | Construir | Farm |
| 22:52 | Construir | Farm |
| 22:56 | Construir | Farm |
| 22:57 | Crear | Villager (Male) |
| 22:59 | Crear | Villager (Male) |
Build order — Lord Snow
Primeras 150 de 458 acciones detectadas
| 0:00 | Crear | Villager (Male) |
| 0:01 | Crear | Villager (Male) |
| 0:01 | Crear | Villager (Male) |
| 0:01 | Crear | Villager (Male) |
| 0:02 | Crear | Villager (Male) |
| 0:04 | Construir | House |
| 0:06 | Construir | House |
| 1:26 | Crear | Villager (Male) |
| 1:57 | Crear | Villager (Male) |
| 2:04 | Construir | Lumber Camp |
| 2:25 | Crear | Villager (Male) |
| 2:58 | Crear | Villager (Male) |
| 2:58 | Crear | Villager (Male) |
| 3:25 | Crear | Villager (Male) |
| 3:41 | Construir | House |
| 3:42 | Construir | House |
| 4:13 | Crear | Villager (Male) |
| 4:26 | Crear | Villager (Male) |
| 4:54 | Crear | Villager (Male) |
| 5:22 | Crear | Villager (Male) |
| 5:52 | Crear | Villager (Male) |
| 6:14 | Crear | Villager (Male) |
| 6:27 | Construir | Mill |
| 6:36 | Construir | Mining Camp |
| 6:41 | Crear | Villager (Male) |
| 7:06 | Crear | Villager (Male) |
| 7:27 | Construir | Farm |
| 7:30 | Construir | Farm |
| 7:36 | Crear | Villager (Male) |
| 7:36 | Crear | Villager (Male) |
| 8:05 | Investigar | Feudal Age |
| 9:00 | Crear | Villager (Male) |
| 9:00 | Crear | Villager (Male) |
| 10:15 | Edad | Edad Feudal |
| 10:17 | Construir | Blacksmith |
| 10:20 | Construir | Market |
| 10:29 | Construir | Farm |
| 10:42 | Construir | Farm |
| 11:32 | Investigar | Castle Age |
| 11:33 | Investigar | Castle Age |
| 11:33 | Investigar | Castle Age |
| 11:39 | Construir | Farm |
| 12:00 | Construir | House |
| 12:03 | Construir | House |
| 12:16 | Investigar | Horse Collar |
| 12:19 | Investigar | Double-Bit Axe |
| 12:32 | Construir | Farm |
| 12:46 | Construir | House |
| 12:49 | Construir | House |
| 12:59 | Construir | House |
| 13:11 | Construir | Farm |
| 13:29 | Crear | Villager (Male) |
| 14:01 | Crear | Villager (Male) |
| 14:12 | Edad | Edad de los Castillos |
| 14:15 | Construir | Town Center |
| 14:35 | Crear | Villager (Male) |
| 14:49 | Crear | Villager (Male) |
| 15:27 | Construir | Town Center |
| 15:33 | Crear | Villager (Male) |
| 15:44 | Investigar | Bow Saw |
| 15:45 | Crear | Villager (Male) |
| 15:49 | Construir | Farm |
| 15:53 | Construir | Farm |
| 15:54 | Crear | Villager (Male) ×5 |
| 16:01 | Construir | Farm |
| 16:17 | Construir | Farm |
| 16:27 | Construir | Farm |
| 16:46 | Construir | Farm |
| 16:50 | Crear | Villager (Male) ×3 |
| 16:57 | Construir | Farm |
| 17:04 | Crear | Villager (Male) |
| 17:14 | Construir | Farm |
| 17:18 | Construir | Farm |
| 17:29 | Crear | Villager (Male) ×2 |
| 17:38 | Construir | Farm |
| 17:43 | Construir | Farm |
| 17:47 | Crear | Villager (Male) ×2 |
| 17:54 | Construir | Farm |
| 17:54 | Construir | Farm |
| 18:03 | Crear | Villager (Male) ×2 |
| 18:10 | Construir | Farm |
| 18:14 | Construir | Farm |
| 18:21 | Construir | Farm |
| 18:25 | Crear | Villager (Male) ×2 |
| 18:38 | Construir | Farm |
| 18:42 | Crear | Villager (Male) ×3 |
| 18:50 | Construir | House |
| 18:51 | Construir | House |
| 18:53 | Construir | House |
| 18:55 | Construir | House |
| 18:57 | Construir | House |
| 19:01 | Crear | Villager (Male) |
| 19:11 | Crear | Villager (Male) ×2 |
| 19:21 | Crear | Villager (Male) ×2 |
| 19:37 | Construir | Town Center |
| 19:41 | Crear | Villager (Male) ×3 |
| 19:57 | Crear | Villager (Male) ×2 |
| 20:08 | Investigar | Stone Mining |
| 20:09 | Investigar | Stone Mining |
| 20:09 | Investigar | Stone Mining |
| 20:28 | Construir | Farm |
| 20:31 | Construir | Farm |
| 20:34 | Construir | Farm |
| 20:38 | Crear | Villager (Male) ×4 |
| 20:43 | Construir | Farm |
| 20:49 | Construir | Farm |
| 20:50 | Crear | Villager (Male) ×2 |
| 20:57 | Construir | House |
| 21:00 | Construir | House |
| 21:02 | Construir | House |
| 21:03 | Construir | House |
| 21:04 | Construir | House |
| 21:06 | Construir | House |
| 21:10 | Crear | Villager (Male) ×2 |
| 21:15 | Construir | Farm |
| 21:19 | Investigar | Wheelbarrow |
| 21:19 | Investigar | Wheelbarrow |
| 21:20 | Investigar | Wheelbarrow |
| 21:22 | Investigar | Loom |
| 21:33 | Crear | Villager (Male) ×4 |
| 21:37 | Construir | Farm |
| 21:53 | Crear | Villager (Male) ×3 |
| 22:04 | Construir | Farm |
| 22:07 | Construir | Farm |
| 22:09 | Investigar | Heavy Plow |
| 22:13 | Construir | Farm |
| 22:17 | Construir | Farm |
| 22:20 | Crear | Villager (Male) ×2 |
| 22:26 | Construir | Farm |
| 22:36 | Investigar | Gold Mining |
| 22:36 | Investigar | Gold Mining |
| 22:36 | Investigar | Gold Mining |
| 22:45 | Construir | Farm |
| 22:46 | Construir | Farm |
| 22:50 | Crear | Villager (Male) ×3 |
| 23:04 | Crear | Villager (Male) ×2 |
| 23:18 | Construir | House |
| 23:19 | Construir | House |
| 23:20 | Construir | House |
| 23:22 | Crear | Villager (Male) ×5 |
| 23:42 | Construir | Farm |
| 23:45 | Construir | Farm |
| 23:52 | Construir | Castle |
| 23:55 | Crear | Villager (Male) ×5 |
| 24:01 | Construir | Farm |
| 24:04 | Construir | Farm |
| 24:08 | Construir | Farm |
| 24:11 | Construir | Farm |
| 24:15 | Construir | Farm |
| 24:29 | Crear | Villager (Male) ×5 |
Cronología de la partida
| 9:24 | PotatoAJ · age_up feudal |
| 10:15 | Lord Snow · age_up feudal |
| 10:20 | idefixyeee · age_up feudal |
| 10:33 | Cronik · age_up feudal |
| 10:56 | VIT | Hera · age_up feudal |
| 10:57 | eloty · age_up feudal |
| 10:57 | 3Dominik · age_up feudal |
| 11:17 | idefixyeee · first_market_buy 100 food |
| 11:53 | Boroo · age_up feudal |
| 12:13 | Lord Snow · first_market_buy 100 food |
| 14:00 | idefixyeee · age_up castle |
| 14:12 | Lord Snow · age_up castle |
| 14:28 | Boroo · first_building Barracks |
| 14:31 | eloty · age_up castle |
| 14:56 | VIT | Hera · age_up castle |
| 15:09 | VIT | Hera · first_market_buy 100 wood |
| 15:17 | 3Dominik · age_up castle |
| 15:18 | Cronik · age_up castle |
| 15:25 | Cronik · first_building Siege Workshop |
| 16:36 | eloty · first_building Monastery |
| 16:40 | PotatoAJ · first_building Barracks |
| 16:49 | Boroo · age_up castle |
| 17:03 | Cronik · first_building Barracks |
| 17:07 | Boroo · first_building Monastery |
| 17:11 | Boroo · first_building Stable |
| 17:25 | 3Dominik · first_market_buy 100 food |
| 18:10 | eloty · first_building Castle |
| 19:09 | PotatoAJ · age_up castle |
| 19:21 | VIT | Hera · first_building Siege Workshop |
| 19:31 | VIT | Hera · first_market_sell 100 food |
| 20:53 | eloty · first_market_buy 100 food |
| 22:20 | VIT | Hera · first_building Monastery |
| 22:55 | Cronik · first_market_sell 100 food |
| 22:58 | idefixyeee · first_building Monastery |
| 23:06 | Boroo · first_market_buy 100 stone |
| 23:12 | Cronik · first_building Monastery |
| 23:13 | PotatoAJ · first_market_buy 100 stone |
| 23:38 | PotatoAJ · first_building Castle |
| 23:52 | Lord Snow · first_building Castle |
| 25:05 | 3Dominik · first_building Barracks |
| 25:05 | Lord Snow · first_market_sell 100 stone |
| 26:20 | 3Dominik · first_building Stable |
| 26:26 | Lord Snow · first_building Barracks |
| 26:27 | Boroo · first_market_sell 100 wood |
| 26:31 | idefixyeee · first_building Barracks |
| 26:45 | PotatoAJ · first_building Siege Workshop |
| 26:59 | Boroo · first_building Castle |
| 27:00 | idefixyeee · first_building Castle |
| 27:13 | 3Dominik · first_building Monastery |
| 27:22 | Lord Snow · first_building Archery Range |
| 27:55 | eloty · first_market_sell 100 food |
| 28:06 | Cronik · age_up imperial |
| 28:14 | Cronik · first_building Castle |
| 28:16 | Lord Snow · age_up imperial |
| 28:26 | VIT | Hera · first_building Barracks |
| 28:29 | 3Dominik · first_building Archery Range |
| 28:34 | idefixyeee · first_building Archery Range |
| 28:57 | eloty · age_up imperial |
| 28:57 | 3Dominik · first_building Castle |
| 29:23 | Boroo · first_building Siege Workshop |
| 30:20 | VIT | Hera · first_building Castle |
| 30:33 | VIT | Hera · age_up imperial |
| 30:40 | idefixyeee · age_up imperial |
| 30:42 | Boroo · age_up imperial |
| 31:56 | 3Dominik · age_up imperial |
| 32:23 | 3Dominik · first_building Siege Workshop |
| 32:26 | idefixyeee · first_market_sell 100 stone |
| 32:47 | PotatoAJ · tribute_sent a jugador 1 |
| 32:47 | PotatoAJ · tribute_sent a jugador 3 |
| 32:47 | PotatoAJ · tribute_sent a jugador 4 |
| 32:47 | PotatoAJ · tribute_sent a jugador 5 |
| 32:47 | PotatoAJ · tribute_sent a jugador 6 |
| 32:47 | PotatoAJ · tribute_sent a jugador 7 |
| 32:47 | PotatoAJ · tribute_sent a jugador 8 |
| 33:16 | Cronik · first_market_buy 100 stone |
| 33:50 | PotatoAJ · age_up imperial |
| 38:23 | VIT | Hera · first_building Archery Range |
| 39:33 | eloty · first_building Barracks |
| 41:06 | PotatoAJ · tribute_sent a jugador 1 |
| 41:06 | PotatoAJ · tribute_sent a jugador 3 |
| 41:06 | PotatoAJ · tribute_sent a jugador 4 |
| 41:06 | PotatoAJ · tribute_sent a jugador 5 |
| 41:06 | PotatoAJ · tribute_sent a jugador 6 |
| 41:06 | PotatoAJ · tribute_sent a jugador 7 |
| 41:06 | PotatoAJ · tribute_sent a jugador 8 |
| 41:09 | eloty · first_building Archery Range |
| 41:30 | Lord Snow · first_building Stable |
| 42:08 | PotatoAJ · first_market_sell 500 wood |
| 42:20 | Cronik · resign |
| 45:11 | 3Dominik · first_market_sell 500 food |
| 45:34 | PotatoAJ · first_building Stable |
| 50:49 | PotatoAJ · tribute_sent a jugador 1 |
| 50:49 | PotatoAJ · tribute_sent a jugador 3 |
| 50:49 | PotatoAJ · tribute_sent a jugador 4 |
| 50:49 | PotatoAJ · tribute_sent a jugador 5 |
| 50:49 | PotatoAJ · tribute_sent a jugador 6 |
| 50:49 | PotatoAJ · tribute_sent a jugador 7 |
| 50:49 | PotatoAJ · tribute_sent a jugador 8 |
[ ANÁLISIS IA · 1 CRÉDITO ]
¿Qué pasó realmente en esta partida?
Wolo.gg analiza cada decisión: build order, eco, micro, errores típicos por bracket. Análisis personalizado por WhatsApp o Discord en 30 segundos.
Guía civ
Bohemios
Perfil
Hera